 Dungeon Crawl Stone Soup version 0.30-a0-1008-g30c9307041 (webtiles) character file.

Game seed: 11488208169052004601

712 Danienth the Ducker (level 7, -1/55 HPs)
             Began as a Demonspawn Gladiator on Apr 5, 2023.
             Was an Elder of Cheibriados.
             Slain by an orc
             ... wielding a +0 trident
              (3 damage)
             ... on level 4 of the Dungeon.
             The game lasted 00:25:10 (2998 turns).

Danienth the Ducker (Demonspawn Gladiator)          Turns: 2998, Time: 00:25:11

Health: -1/55      AC: 10    Str: 26    XL:     7   Next: 41%
Magic:  7/7        EV: 15    Int: 21    God:    Cheibriados [****..]
Gold:   191        SH:  0    Dex: 23    Spells: 6/6 levels left

rFire   + . .      SeeInvis .    u - +1 dagger (vamp)
rCold   . . .      Faith    .    (no shield)
rNeg    . . .      Spirit   .    r - +3 robe "Kopsan" {rF+ Slay+6}
rPois   .          Reflect  .    E - +1 helmet {Int+3}
rElec   .          Rampage  .    (no cloak)
rCorr   .                        (no gloves)
Will    .....                    (no boots)
Stlth   ++                       (no amulet)
HPRegen 0.29/turn                n - ring of flight
MPRegen 0.10/turn                (no ring)

@: mighty, flying, very slow
A: hooves 2, thin metallic scales 2, spiny 1
a: Renounce Religion, Bend Time, Temporal Distortion, Slouch


You were on level 4 of the Dungeon.
You worshipped Cheibriados.
Cheibriados was greatly pleased with you.
You visited 1 branch of the dungeon, and saw 4 of its levels.

You collected 191 gold pieces.

Inventory:

Hand Weapons
 a - a +0 long sword
 u - a +1 vampiric dagger (weapon)
 I - a +1 dagger of venom
Missiles
 d - 2 throwing nets
 e - 5 javelins
 j - 7 poisoned darts
 k - 33 stones (quivered)
Armour
 b - a +0 leather armour
 c - a +0 helmet
 l - a +0 ring mail
 r - the +3 robe "Kopsan" (worn) {rF+ Slay+6}
   (You found it on level 3 of the Dungeon)

   Slay:      It affects your accuracy & damage with ranged weapons and melee
   (+6).
   rF:        It protects you from fire.
 x - a +0 animal skin
 y - a +2 helmet
 E - a +1 helmet of intelligence (worn)
Magical Staves
 w - a staff of poison
Jewellery
 n - a ring of flight (left hand)
Wands
 J - a wand of flame (25)
Scrolls
 f - 3 scrolls of identify {unknown}
 g - a scroll of vulnerability {unknown}
 i - a scroll of blinking {unknown}
 m - a scroll of magic mapping {unknown}
 o - a scroll of brand weapon {unknown}
 A - a scroll of summoning {unknown}
 B - a scroll of silence {unknown}
 H - a scroll of immolation {unknown}
Potions
 p - 2 potions of heal wounds {unknown}
 q - 2 potions of might
 s - 2 potions of ambrosia {unknown}
 t - 2 potions of haste {unknown}
 v - a potion of mutation {unknown}
 z - a potion of flight {unknown}
 C - a potion of cancellation {unknown}
 D - a potion of attraction {unknown}
 F - a potion of curing {unknown}
 G - a potion of berserk rage {unknown}
 K - a potion of brilliance {unknown}


   Skills:
 + Level 4.4 Fighting
 + Level 4.5 Long Blades
 + Level 4.1 Throwing
 + Level 4.5 Dodging


You had 6 spell levels left.
You didn't know any spells.
Your spell library contained the following spells:

 Spells                   Type           Power      Damage    Failure   Level
 Kiss of Death            Conj/Necr      0%         2d5       19%         1
 Confusing Touch          Hex            0%         N/A       47%         3
 Portal Projectile        Hex/Tloc       0%         N/A       47%         3
 Tukima's Dance           Hex            0%         N/A       47%         3
 Dispel Undead            Necr           0%         3d6       87%         4
 Blade Hands              Tmut           0%         N/A       99%         5


Dungeon Overview and Level Annotations

Branches:
Dungeon (4/15)
 Temple: D:4-7

Altars:
Cheibriados
Gozag
Xom

Shops:
D:2 =


Innate Abilities, Weirdness & Mutations

You have hoof-like feet.
You are mostly covered in thin metallic scales. (AC +3)
You are partially covered in sharp spines.


Message History

The orc warrior is lightly wounded.
The orc warrior is struck by your spines.
The orc warrior barely misses you.
The orc priest looks encouraged for a moment.
The orc misses you.
You hit the orc warrior.
You feel better.
Your kick misses the orc warrior.
The orc warrior is heavily wounded.
The orc warrior is struck by your spines.
The orc warrior hits you with a +0 flail.
The orc priest mumbles some strange prayers to Beogh against you.
Beogh smites you! The orc barely misses you.
You hit the orc warrior.
You feel better.
You kick the orc warrior.
You kill the orc warrior!
Cheibriados thoroughly appreciates the change of pace.
The orc misses you.
Your Throwing skill increases to level 4!
You fail to use your ability.
The orc barely misses you. The orc hits you but does no damage.
As you read the scroll of fog, it crumbles to dust.
The scroll dissolves into smoke.
The orc hits you but does no damage. The orc closely misses you.
The orc is struck by your spines. The orc barely misses you.
The orc is struck by your spines.
You kill the orc!
Cheibriados thoroughly appreciates the change of pace.
The orc is struck by your spines. The orc closely misses you.
The orc priest calls down the wrath of Beogh upon you.
Beogh smites you!
* * * LOW HITPOINT WARNING * * *
Things that are here:
a +0 mace; a +0 leather armour The orc priest calls down the wrath of Beogh upon you.
Beogh smites you!
* * * LOW HITPOINT WARNING * * *
The orc hits you with a +0 club.
* * * LOW HITPOINT WARNING * * *
It was a potion of might.
You feel very mighty all of a sudden.
The orc hits you from afar with a +0 trident.
You die...

###.# #.....#...
#...####.....#.†.
####)###.......))...
#..))..#.######.).).
#.##)#.# #..... #
#.#.# #####... ..#.#
......... ######.#
..####... #oo@...#
.'...... #o######
.###.... #§# #....
#§# #....


§oo #.... .#... #.#.. #.###.. #.### # ### # You could see an orc priest and 2
orcs.

Vanquished Creatures
  An orc warrior (D:4)
  An ogre (D:4)
  A phantom (D:4)
  A scorpion (D:4)
  A jelly (D:4)
  An orc priest (D:4)
  2 hounds (D:4)
  Jessica (D:3)
  3 orc wizards
  Robin (D:3)
  4 adders
  A worm (D:4)
  5 dart slugs
  18 orcs
  5 endoplasms
  4 giant cockroaches
  18 goblins
  15 hobgoblins
  10 kobolds
  7 quokkas
  3 ball pythons (D:1)
  5 bats
  2 frilled lizards
  4 rats (D:1)
114 creatures vanquished.

Vanquished Creatures (others)
  2 fungi (D:1)
  A plant (D:1)
3 creatures vanquished.

Grand Total: 117 creatures vanquished

Notes
Turn   | Place    | Note
-------+----------+-------------------------------------------
     0 | D:1      | Danienth the Demonspawn Gladiator began the quest for the
                  | Orb.
     0 | D:1      | Reached XP level 1. HP: 16/16 MP: 1/1
    92 | D:1      | Gained mutation: You have large cloven feet. [demonic
                  | ancestry]
    92 | D:1      | Reached XP level 2. HP: 15/22 MP: 2/2
   336 | D:1      | Found a faded altar of an unknown god.
   355 | D:1      | Gained mutation: You are partially covered in thin metallic
                  | scales. (AC +2) [demonic ancestry]
   355 | D:1      | Reached XP level 3. HP: 23/28 MP: 3/3
   367 | D:1      | Prayed at the altar of an unknown god.
   367 | D:1      | Became a worshipper of Cheibriados the Contemplative
   367 | D:1      | Reached * piety under Cheibriados
  1233 | D:2      | Gained mutation: You are mostly covered in thin metallic
                  | scales. (AC +3) [demonic ancestry]
  1233 | D:2      | Reached XP level 4. HP: 34/34 MP: 4/4
  1348 | D:2      | Found Akkyghed's Jewellery Shoppe.
  1846 | D:3      | Identified the +3 robe "Kopsan" {rF+ Slay+6}
  1881 | D:3      | Reached ** piety under Cheibriados
  2000 | D:3      | Noticed Robin
  2010 | D:3      | Gained mutation: You have hoof-like feet. [demonic
                  | ancestry]
  2010 | D:3      | Reached XP level 5. HP: 41/41 MP: 1/5
  2021 | D:3      | Killed Robin
  2162 | D:3      | Noticed Jessica
  2169 | D:3      | Killed Jessica
  2234 | D:3      | Found an opulent altar of Gozag.
  2383 | D:3      | Reached *** piety under Cheibriados
  2408 | D:3      | Found a shimmering altar of Xom.
  2665 | D:4      | Noticed an ogre
  2673 | D:4      | Killed an ogre
  2674 | D:4      | Gained mutation: You are partially covered in sharp spines.
                  | [demonic ancestry]
  2674 | D:4      | Reached XP level 6. HP: 47/47 MP: 6/6
  2839 | D:4      | Reached XP level 7. HP: 49/54 MP: 7/7
  2941 | D:4      | Reached **** piety under Cheibriados
  2997 | D:4      | HP: 2/55 [orc/+0 club (1)]
  2998 | D:4      | Slain by an orc

Illustrated notes

Levels and vault maps discovered:
D:1:      scummos_arrival_forest, layout_basic,
          shapermc_ecumenical_altar_acropolis, minivault_26
D:2:      layout_basic, serial_shops, shop
D:3:      layout_basic, mainiacjoe_overflow_concentric_impassable,
          overflow_temple_1_default, zin_statuary, kennysheep_jessica_study,
          uniq_robin, uniq_jessica
D:4:      layout_basic, serial_shops, nicolae_shop_overgrown_old_shop

Skill      XL: |  1  2  3  4  5  6  7 |
---------------+----------------------+-----
Throwing       | 2 3 4 |  4.1
Long Blades    | 3 4 |  4.5
Dodging        | 3 4 |  4.5
Fighting       | 3 4 |  4.4

Action                     |  1- 3 |  4- 6 |  7- 9 || total
---------------------------+-------+-------+-------++-------
  Melee: Long sword        |   117 |    37 |       ||   154
         Kick              |    30 |    29 |     8 ||    67
         Punch             |     1 |     3 |       ||     4
         Dagger            |       |    67 |    28 ||    95
  Throw: Stone             |    12 |     6 |       ||    18
         Throwing net      |     2 |       |       ||     2
 Invoke: Bend Time         |       |     3 |       ||     3
    Use: Scroll            |     1 |       |     1 ||     2
         Potion            |       |       |     1 ||     1
   Stab: Sleeping          |       |     1 |       ||     1
 Armour: Leather armour    |    29 |       |       ||    29
         Ring mail         |    17 |     9 |       ||    26
         Robe              |       |    37 |    10 ||    47
  Dodge: Dodged            |    89 |    75 |    28 ||   192

Table legend: (Time is in decaauts)
 A = Elapsed time spent in this place.
 B = Non-inter-level travel time spent in this place.
 C = Inter-level travel time spent in this place.
 D = Time resting spent in this place.
 E = Time spent auto-exploring this place.
 F = Levels seen in this place.
 G = Mean time per level.
                   A        B        C        D        E       F      G
               +--------+--------+--------+--------+--------+-----+--------+
         Total |   4026 |   3525 |    501 |    209 |   2489 |   4 | 1006.5 |
       Dungeon |   4026 |   3525 |    501 |    209 |   2489 |   4 | 1006.5 |
               +--------+--------+--------+--------+--------+-----+--------+

Top non-repeatable levels by time:
     D:1: 1295 daAuts
     D:2: 1079 daAuts
     D:3: 1055 daAuts
     D:4: 596 daAuts
